 Dungeon Crawl Stone Soup version 0.29.1-2-gbd0b4ee654 (webtiles) character file.

Game seed: 4332426764004730314

35 zeram the Shield-Bearer (level 3, -1/30 HPs)
             Began as a Djinni Fighter on Nov 22, 2022.
             Slain by an iguana (10 damage)
             ... on level 3 of the Dungeon.
             The game lasted 00:03:06 (2121 turns).

zeram the Shield-Bearer (Djinni Fighter)            Turns: 2121, Time: 00:03:06

Health: -1/30      AC:  9    Str: 17    XL:     3   Next: 55%
Gold:   51         EV:  9    Int:  9    God:
                   SH:  5    Dex: 12

rFire   + + .      SeeInvis .   a - +0 long sword
rCold   x . .      Faith    .   c - +1 buckler
rNeg    . . .      Spirit   .   b - +0 scale mail
rPois   ∞          Reflect  .   o - +1 helmet
rElec   .          Harm     .   (no cloak)
rCorr   .          Rampage  .   (no gloves)
Will    .....                   (boots unavailable)
Stlth   ..........              (no amulet)
HPRegen 0.10/turn               (no ring)
MPRegen 0.00/turn               (no ring)

@: flying
A: sickness immunity, fire resistance 2, cold vulnerability 1, float, innate
caster, HP casting, extra vitality 1
a: no special abilities


You were on level 3 of the Dungeon.
You visited 1 branch of the dungeon, and saw 3 of its levels.

You collected 51 gold pieces.

Inventory:

Hand Weapons
 a - a +0 long sword (weapon)
Armour
 b - a +0 scale mail (worn)
 c - a +1 buckler (worn)
 o - a +1 helmet (worn)
Wands
 n - a wand of roots (15)
Scrolls
 f - a scroll of magic mapping
Potions
 d - a potion of might
 g - a potion of flight
 h - a potion of attraction
 k - a potion of curing {unknown}
 l - 2 potions of heal wounds {unknown}
 m - a potion of degeneration {unknown}


   Skills:
 - Level 3.0 Fighting
 + Level 2.2 Long Blades
 + Level 3.4 Armour
 + Level 3.6 Shields


You had one spell level left.
You knew the following spells:

 Your Spells              Type           Power      Damage    Failure   Level
a - Shock                 Conj/Air       0%         1d3       87%         1
Your spell library was empty.

Dungeon Overview and Level Annotations

Branches:
Dungeon (3/15)

Altars:
Xom

Shops:
D:1 =


Innate Abilities, Weirdness & Mutations

You are immune to sickness and miasma.
You are immune to poison.
Your flesh is very heat resistant. (rF++)
You are vulnerable to cold. (rC-)
You float through the air rather than walking.
You learn spells naturally, not from books.
Your magical power is your life essence.
You have superior vitality. (+4 MHP)


Message History

An iguana and a goblin come into view.
The goblin is wielding a +1 dagger of venom.
Found 9 gold pieces.
The iguana hisses angrily.
The goblin shouts!
An endoplasm comes into view.
The endoplasm quivers.
The ball python bites you but does no damage.
The ball python barely misses you. The goblin barely misses you.
You hit the goblin.
You kill the goblin!
The ball python closely misses you. The ball python grabs you.
The ball python constricts you.
You slash the ball python!
You kill the ball python!
You hit the iguana.
The iguana is moderately wounded.
The iguana misses you.
You closely miss the iguana.
The iguana is lightly wounded.
The endoplasm freezes you.
You are frozen.
You feel a terrible chill!
The iguana bites you but does no damage.
The iguana closely misses you. The endoplasm barely misses you.
You hit the iguana but do no damage.
The iguana is lightly wounded.
A ball python comes into view.
The endoplasm hits you but does no damage.
The iguana bites you but does no damage.
You hit the iguana.
The iguana is moderately wounded.
The endoplasm hits you but does no damage.
The iguana barely misses you.
You closely miss the iguana.
The iguana is moderately wounded.
The endoplasm closely misses you. The iguana bites you!
The endoplasm freezes you.
You are frozen.
You feel a terrible chill!
* * * LOW HITPOINT WARNING * * *
The iguana bites you!
You die...

###
...#########+#
........?....###
................
........<#
#..####...#
......J@#.#
##....Sl#.#
#.....$#.#
#......#.#
##.....#..
##.......
....###. #.##.


You could see an iguana, an endoplasm and a ball python.

Vanquished Creatures
  A dart slug (D:1)
  3 ball pythons
  5 endoplasms
  5 goblins
  7 hobgoblins
  3 quokkas
  A bat (D:2)
  A frilled lizard (D:2)
  A kobold (D:2)
  A rat (D:1)
28 creatures vanquished.

Notes
Turn   | Place    | Note
-------+----------+-------------------------------------------
     0 | D:1      | zeram the Djinni Fighter began the quest for the Orb.
     0 | D:1      | Reached XP level 1. HP: 20/20 MP: 0/0
   273 | D:1      | Found Ogoc's Jewellery Boutique.
   284 | D:1      | Reached XP level 2. HP: 25/25 MP: 0/0
  1004 | D:1      | Reached XP level 3. HP: 29/30 MP: 0/0
  1004 | D:1      | Learned a level 1 spell: Shock
  1480 | D:2      | Found a shimmering altar of Xom.
  1541 | D:2      | Found a faded altar of an unknown god.
  2121 | D:3      | Slain by an iguana

Illustrated notes

Levels and vault maps discovered:
D:1:      minmay_arrival_open_corners, layout_basic, serial_shops,
          nicolae_shop_waterfront
D:2:      layout_loops_ring, basic_altar,
          dreamdust_ecumenical_altar_hidden_monk_grotto
D:3:      layout_basic, demons_altar

Skill      XL: |  1  2 |
---------------+-------+-----
Long Blades    | 2 |  2.2
Fighting       | |  3.0
Armour         | |  3.4
Shields        | |  3.6

Action                   || total
-------------------------++-------
Melee: Long sword        ||    74
  Use: Scroll            ||     8
Armor: Scale mail        ||    32
Dodge: Dodged            ||    40
Block: Buckler           ||    19
